 Dungeon Crawl Stone Soup version 0.31.0-11-ge490571c62 (webtiles) character file.

Game seed: 15528618907140363198

48 Drazool the Cudgeller (level 3, -3/29 HPs)
             Began as a Human Berserker on Jan 28, 2024.
             Was a Believer of Trog.
             Slain by a hobgoblin (7 damage)
             ... led by Robin
             ... on level 2 of the Dungeon.
             The game lasted 00:02:38 (998 turns).

Drazool the Cudgeller (Human Berserker)              Turns: 998, Time: 00:02:39

Health: -3/29      AC:  2    Str: 19    XL:     3   Next: 72%
Magic:  3/3        EV: 12    Int:  7    God:    Trog [**....]
Gold:   97         SH:  0    Dex: 12    Spells: 2/2 levels left

rFire   . . .        a - +0 mace
rCold   . . .        (no shield)
rNeg    + . .        b - +0 animal skin
rPois   .            (no helmet)
rElec   .            (no cloak)
rCorr   .            (no gloves)
SInv    .            (no boots)
Will    .....        (no amulet)
Stlth   +            N - ring of positive energy
HPRegen 0.24/turn    (no ring)
MPRegen 0.08/turn

%: no passive effects
@: on berserk cooldown, slowed, very slow
A: explore regen
a: Renounce Religion, Berserk, Trog's Hand


You were on level 2 of the Dungeon.
You worshipped Trog.
Trog was pleased with you.
You visited 1 branch of the dungeon, and saw 2 of its levels.

You collected 97 gold pieces.


Innate Abilities, Weirdness & Mutations

You regain HP and MP as you explore.


   Skills:
 - Level 3.0 Fighting
 + Level 4.6 Maces & Flails
 - Level 2.0 Armour
 - Level 2.0 Dodging


You had 2 spell levels left.
You didn't know any spells.
Your spell library was empty.

Inventory:

Hand Weapons
 a - a +0 mace (weapon)
Armour
 b - a +0 animal skin (worn)
Jewellery
 N - a ring of positive energy (left hand)
Scrolls
 d - a scroll of amnesia {unknown}
 e - a scroll of identify {unknown}
 f - 2 scrolls of teleportation {unknown}
Potions
 c - 2 potions of mutation {unknown}
 g - a potion of haste {unknown}

Dungeon Overview and Level Annotations

Branches:
Dungeon (2/15)

Altars:

Shops:
D:1 =

Annotations:
D:2 Robin

##.#..####..
.#.. .....[.
........... ...
....# .......
#.#.. #.gg# .
######g# ...
#....#@#
#...####.##.#)#
#..[..<.....#.#
###....#....#)#
###.........#
#.#...#..##
#.#...#...#
#.##.##.#.# ..
..##.#..#


You could see Robin, a hobgoblin (strong) and a goblin (strong).


Message History

Robin hits you but does no damage. The goblin barely misses you.
You closely miss Robin. Robin hits you with a +0 dagger.
The goblin barely misses you.
Robin says, "A pitiful Human like you will never find the ORB!"
Robin closely misses you. The goblin hits you with a +0 club.
Robin throws the goblin at you! The goblin barely misses you.
The goblin attacks as it pursues you! The goblin barely misses you.
Items here: )))) †††.
You hit the goblin.
The goblin is moderately wounded.
The goblin no longer looks unusually strong.
The goblin barely misses you. The goblin hits you with a +0 club. x2
The goblin hits you but does no damage.
You hit the goblin.
You kill the goblin!
Trog accepts your kill. The goblin hits you with a +0 club.
* * * LOW HITPOINT WARNING * * *
Robin roars a battlecry!
The goblins go into a battle-frenzy!
The goblin hits you with a +0 club.
* * * LOW HITPOINT WARNING * * *
The hobgoblin barely misses you.
You sock the goblin!
You kill the goblin!
Trog accepts your kill. The hobgoblin hits you.
* * * LOW HITPOINT WARNING * * *
The hobgoblin hits you!
You die...

Skill      XL: |  1  2 |
---------------+-------+-----
Maces & Flails | 4 |  4.6
Fighting       | |  3.0
Armour         | |  2.0
Dodging        | |  2.0

Action                     || total
---------------------------++-------
  Melee: Mace              ||    91
         Punch             ||     1
 Invoke: Berserk           ||     3
 Armour: Animal skin       ||    62
  Dodge: Dodged            ||    59

Levels and vault maps discovered:
D:1:      sevenhm_arrival_forest_fort_small_3, layout_basic, serial_shops,
          nicolae_shop_advertising_works [nicolae_subvault_shop_adworks],
          st_stairs_3, minmay_pentomino_t2
D:2:      layout_basic, minmay_misc_feat_hallway, grunt_ministairs_13,
          serial_bayou_ford_a, uniq_robin

Notes
Turn   | Place    | Note
-------+----------+-------------------------------------------
     0 | D:1      | Drazool the Human Berserker began the quest for the Orb.
     0 | D:1      | Reached XP level 1. HP: 18/18 MP: 1/1
   113 | D:1      | Reached XP level 2. HP: 24/24 MP: 2/2
   267 | D:1      | Found Zavarom's Jewellery Shop.
   468 | D:1      | Reached skill level 4 in Maces & Flails
   497 | D:1      | Reached ** piety under Trog
   512 | D:1      | Reached XP level 3. HP: 18/29 MP: 3/3
   976 | D:2      | Noticed Robin
   998 | D:2      | Slain by a hobgoblin

Vanquished Creatures
  3 endoplasms (D:1)
  A giant cockroach (D:1)
  14 goblins
  6 hobgoblins
  2 jackals (D:1)
  A quokka (D:1)
  6 ball pythons (D:1)
  3 bats (D:1)
  A frilled lizard (D:1)
  3 kobolds (D:1)
  2 rats (D:1)
42 creatures vanquished.

Table legend: (Time is in decaauts)
 A = Elapsed time spent in this place.
 B = Non-inter-level travel time spent in this place.
 C = Inter-level travel time spent in this place.
 D = Time resting spent in this place.
 E = Time spent auto-exploring this place.
 F = Levels seen in this place.
 G = Mean time per level.
                   A        B        C        D        E       F      G
               +--------+--------+--------+--------+--------+-----+--------+
         Total |   1032 |   1014 |     18 |     37 |    741 |   2 |  516.0 |
       Dungeon |   1032 |   1014 |     18 |     37 |    741 |   2 |  516.0 |
               +--------+--------+--------+--------+--------+-----+--------+

Top non-repeatable levels by time:
     D:1: 1002 daAuts
     D:2: 29 daAuts

Table legend:
 A = Non-vault XP
 B = Vault XP
 C = Vault XP percentage of total XP
 D = Non-vault monster count
 E = Vault monster count
 F = Vault count percentage of total count
                 A         B        C        D         E       F
            +---------+---------+-------+---------+---------+-------
      Total |      45 |      26 |  36.6 |      28 |      14 |  33.3
            +---------+---------+-------+---------+---------+-------
        D:1 |      43 |       6 |  12.2 |      27 |       4 |  12.9
        D:2 |       2 |      20 |  90.9 |       1 |      10 |  90.9
            +---------+---------+-------+---------+---------+-------
